| TOP OF THE 1ST |
|
Burlington Bees batting - Pitching for Delmarva Shorebirds : RHP Wayne Lammers
|
|
Pitching: RHP Wayne Lammers
|
|
|
Batting: RHB Ryan Munro
|
0-0: Called Strike 0-1: Foul Ball, location: 2F 0-2: Ball 1-2: Ball 2-2: Foul Ball, location: 2F 2-2: Ball 3-2: Base on Balls
|
|
Batting: RHB Timoleon Tsikouna
|
0-0: Foul Ball, location: 2F 0-1: SINGLE (Groundball, 56D, EV 96.2 MPH) Ryan Munro to second
|
|
Batting: LHB Brett Bugge
|
0-0: Ball Ryan Munro steals 3rd base Timoleon Tsikouna to second 1-0: Ball 2-0: Ball 3-0: Called Strike 3-1: Fly out, F7 (Flyball, 78M, EV 81.9 MPH) Runner from 3rd tags up, OUT at HOME! 7-2 Timoleon Tsikouna to third
|
|
Batting: LHB Griffin Ferris
|
0-0: Ball 1-0: Ball 2-0: Called Strike 2-1: Ball 3-1: Base on Balls
|
|
Batting: RHB Ryuji Ito
|
0-0: Called Strike 0-1: Foul Ball, location: 2F 0-2: Strikes out swinging
|
| Top of the 1st over - 0 runs, 1 hit, 0 errors, 2 left on base; Burlington 0 - Delmarva 0 |
| BOTTOM OF THE 1ST |
|
Delmarva Shorebirds batting - Pitching for Burlington Bees : RHP Tim Anderson
|
|
Pitching: RHP Tim Anderson
|
|
|
Batting: LHB Eric Jackson
|
0-0: Called Strike 0-1: Called Strike 0-2: Ball 1-2: Strikes out swinging
|
|
Batting: LHB Tim Mulholland
|
0-0: Ball 1-0: Swinging Strike 1-1: Foul Ball, location: 2F 1-2: Foul Ball, location: 2F 1-2: Ground out 2-3 (Groundball, 15S, EV 73.8 MPH)
|
|
Batting: RHB Danny Merrill
|
0-0: Foul Ball, location: 2F 0-1: Ground out 4-3 (Groundball, 4, EV 82.5 MPH)
|
| Bottom of the 1st over - 0 runs, 0 hits, 0 errors, 0 left on base; Burlington 0 - Delmarva 0 |
| TOP OF THE 2ND |
|
Burlington Bees batting - Pitching for Delmarva Shorebirds : RHP Wayne Lammers
|
|
Batting: LHB Mario Anguiano
|
0-0: Ball 1-0: Ball 2-0: Swinging Strike 2-1: Foul Ball, location: 2F 2-2: Foul Ball, location: 2F 2-2: Strikes out swinging
|
|
Batting: LHB Mark Reeg
|
0-0: Called Strike 0-1: Swinging Strike 0-2: Foul Ball, location: 2F 0-2: Strikes out swinging
|
|
Batting: LHB Spencer Palmer
|
0-0: Called Strike 0-1: Ball 1-1: Foul Ball, location: 2F 1-2: Strikes out swinging
|
| Top of the 2nd over - 0 runs, 0 hits, 0 errors, 0 left on base; Burlington 0 - Delmarva 0 |
| BOTTOM OF THE 2ND |
|
Delmarva Shorebirds batting - Pitching for Burlington Bees : RHP Tim Anderson
|
|
Batting: LHB Mike Sloan
|
0-0: Ball 1-0: Swinging Strike 1-1: Ball 2-1: Ball 3-1: Foul Ball, location: 2F 3-2: Base on Balls
|
|
Batting: SHB Jared Boyce
|
0-0: Fielders Choice at 2nd, 6-4 (Groundball, 56, EV 85.0 MPH)
|
|
Batting: RHB Antonio Gamez
|
0-0: Ball 1-0: Ball 2-0: Ball 3-0: Base on Balls Jared Boyce to second
|
|
Batting: SHB Eric Tiehen
|
0-0: Called Strike 0-1: SINGLE (Groundball, 4MD, EV 98.1 MPH) Jared Boyce to third Antonio Gamez to second
|
|
Batting: LHB Bill Ostlund
|
0-0: Called Strike 0-1: Fly out, F7 (Flyball, 7LS, EV 88.1 MPH)
|
|
Batting: RHB Lee Deason
|
0-0: Called Strike 0-1: Ball 1-1: Swinging Strike 1-2: Foul Ball, location: 2F 1-2: Strikes out swinging
|
| Bottom of the 2nd over - 0 runs, 1 hit, 0 errors, 3 left on base; Burlington 0 - Delmarva 0 |
| TOP OF THE 3RD |
|
Burlington Bees batting - Pitching for Delmarva Shorebirds : RHP Wayne Lammers
|
|
Batting: RHB Tristan Lewis
|
0-0: Ball 1-0: Foul Ball, location: 2F 1-1: Fly out, F8 (Flyball, 8LM, EV 86.9 MPH)
|
|
Batting: RHB Ryan Munro
|
0-0: Ball 1-0: Swinging Strike 1-1: Ball 2-1: Ground out U3 (Groundball, 13, EV 78.8 MPH)
|
|
Batting: RHB Timoleon Tsikouna
|
0-0: Called Strike 0-1: Swinging Strike 0-2: Foul Ball, location: 2F 0-2: Strikes out swinging
|
| Top of the 3rd over - 0 runs, 0 hits, 0 errors, 0 left on base; Burlington 0 - Delmarva 0 |
| BOTTOM OF THE 3RD |
|
Delmarva Shorebirds batting - Pitching for Burlington Bees : RHP Tim Anderson
|
|
Batting: LHB Eric Jackson
|
0-0: Foul Ball, location: 2F 0-1: Foul Ball, location: 2F 0-2: Strikes out swinging
|
|
Batting: LHB Tim Mulholland
|
0-0: Ball 1-0: Ball 2-0: Ball 3-0: Base on Balls
|
|
Batting: RHB Danny Merrill
|
0-0: SINGLE (Line Drive, 9LM, EV 106.2 MPH) Tim Mulholland to second
|
|
Batting: LHB Mike Sloan
|
0-0: Called Strike 0-1: Ball 1-1: Called Strike 1-2: Foul Ball, location: 2F 1-2: SINGLE (Line Drive, 8RS, EV 92.5 MPH) Tim Mulholland to third Danny Merrill to second Runner from 3rd tries for Home, SAFE, throw by CF to home
|
|
Batting: SHB Jared Boyce
|
0-0: Ball 1-0: Foul Ball, location: 2F 1-1: Fly out, F7 (Flyball, 7D, EV 90.0 MPH) Runner from 2nd tags up, SAFE at 3rd, no throw by LF
|
|
Batting: RHB Antonio Gamez
|
0-0: Ball 1-0: Ball 2-0: Called Strike 2-1: Ball 3-1: Base on Balls Mike Sloan to second
|
|
Batting: SHB Eric Tiehen
|
0-0: Ball 1-0: Foul Ball, location: 2F 1-1: Ball 2-1: Fielders Choice at 2nd, 6-4 (Groundball, 6, EV 97.5 MPH)
|
| Bottom of the 3rd over - 1 run, 2 hits, 0 errors, 3 left on base; Burlington 0 - Delmarva 1 |
| TOP OF THE 4TH |
|
Burlington Bees batting - Pitching for Delmarva Shorebirds : RHP Wayne Lammers
|
|
Batting: LHB Brett Bugge
|
0-0: Ball 1-0: Swinging Strike 1-1: Swinging Strike 1-2: Strikes out swinging
|
|
Batting: LHB Griffin Ferris
|
0-0: Fly out, F6 (Popup, P, EV 83.8 MPH)
|
|
Batting: RHB Ryuji Ito
|
0-0: Ball 1-0: DOUBLE (Line Drive, 9LM, EV 106.2 MPH)
|
|
Batting: LHB Mario Anguiano
|
0-0: Ball 1-0: Ball 2-0: Ball 3-0: Called Strike 3-1: Fly out, F3 (Popup, 23F, EV 89.4 MPH)
|
| Top of the 4th over - 0 runs, 1 hit, 0 errors, 1 left on base; Burlington 0 - Delmarva 1 |
| BOTTOM OF THE 4TH |
|
Delmarva Shorebirds batting - Pitching for Burlington Bees : RHP Tim Anderson
|
|
Batting: LHB Bill Ostlund
|
0-0: Foul Ball, location: 2F 0-1: Foul Ball, location: 2F 0-2: Ball 1-2: Foul Ball, location: 2F 1-2: Foul Ball, location: 2F 1-2: Ball 2-2: Foul Ball, location: 2F 2-2: Foul Ball, location: 2F 2-2: Ground out U3 (Groundball, 3L, EV 85.0 MPH)
|
|
Batting: RHB Lee Deason
|
0-0: Ground out 5-3 (Groundball, 56, EV 106.2 MPH)
|
|
Batting: LHB Eric Jackson
|
0-0: Reached on error, E3 (Groundball, 34, EV 80.0 MPH)
|
|
Batting: LHB Tim Mulholland
|
0-0: Ball 1-0: Called Strike Eric Jackson steals 2nd base 1-1: Ball 2-1: Foul Ball, location: 2F 2-2: Ball 3-2: Strikes out looking
|
| Bottom of the 4th over - 0 runs, 0 hits, 1 error, 1 left on base; Burlington 0 - Delmarva 1 |
| TOP OF THE 5TH |
|
Burlington Bees batting - Pitching for Delmarva Shorebirds : RHP Wayne Lammers
|
|
Batting: LHB Mark Reeg
|
0-0: Ball 1-0: Foul Ball, location: 2F 1-1: Foul Ball, location: 2F 1-2: Foul Ball, location: 2F 1-2: Strikes out swinging
|
|
Batting: LHB Spencer Palmer
|
0-0: Ball 1-0: Ground out 4-3 (Groundball, 4, EV 90.6 MPH)
|
|
Batting: RHB Tristan Lewis
|
0-0: Called Strike 0-1: Swinging Strike 0-2: Foul Ball, location: 2F 0-2: Foul Ball, location: 2F 0-2: Strikes out swinging
|
| Top of the 5th over - 0 runs, 0 hits, 0 errors, 0 left on base; Burlington 0 - Delmarva 1 |
| BOTTOM OF THE 5TH |
|
Delmarva Shorebirds batting - Pitching for Burlington Bees : RHP Tim Anderson
|
|
Batting: RHB Danny Merrill
|
0-0: Ball 1-0: Ball 2-0: SINGLE (Line Drive, 8LS, EV 90.6 MPH)
|
|
Batting: LHB Mike Sloan
|
0-0: Ball 1-0: Grounds into double play, 6-4-3 (Groundball, 6MS, EV 85.6 MPH)
|
|
Batting: SHB Jared Boyce
|
0-0: Foul Ball, location: 2F 0-1: Ball 1-1: SINGLE (Line Drive, 6D, EV 95.0 MPH)
|
|
Pitching: RHP Chris Petrey
|
|
|
Batting: RHB Antonio Gamez
|
0-0: Foul Ball, location: 2F 0-1: SINGLE (Groundball, 6MD, EV 96.2 MPH) Jared Boyce to second
|
|
Batting: SHB Eric Tiehen
|
0-0: Fly out, F7 (Flyball, 7, EV 86.2 MPH)
|
| Bottom of the 5th over - 0 runs, 3 hits, 0 errors, 2 left on base; Burlington 0 - Delmarva 1 |
| TOP OF THE 6TH |
|
Burlington Bees batting - Pitching for Delmarva Shorebirds : RHP Wayne Lammers
|
|
Batting: RHB Ryan Munro
|
0-0: Foul Ball, location: 2F 0-1: Foul Ball, location: 2F 0-2: Ball 1-2: Foul Ball, location: 2F 1-2: Reached on error, E5 (Groundball, 56, EV 104.4 MPH)
|
|
Batting: RHB Timoleon Tsikouna
|
0-0: Foul Ball, location: 2F 0-1: Foul Ball, location: 2F 0-2: Ball 1-2: Foul Ball, location: 2F 1-2: Strikes out swinging
|
|
Batting: LHB Brett Bugge
|
0-0: SINGLE (Groundball, 6M, EV 106.2 MPH) (infield hit) Ryan Munro to second
|
|
Batting: LHB Griffin Ferris
|
0-0: Ball 1-0: Foul Ball, location: 2F 1-1: Ball 2-1: Foul Ball, location: 2F 2-2: Strikes out looking
|
|
Batting: RHB Ryuji Ito
|
0-0: Called Strike 0-1: Foul Ball, location: 2F 0-2: Ball 1-2: Foul Ball, location: 2F 1-2: Foul Ball, location: 2F 1-2: Ball 2-2: Strikes out swinging
|
| Top of the 6th over - 0 runs, 1 hit, 1 error, 2 left on base; Burlington 0 - Delmarva 1 |
| BOTTOM OF THE 6TH |
|
Delmarva Shorebirds batting - Pitching for Burlington Bees : RHP Chris Petrey
|
|
Batting: LHB Bill Ostlund
|
0-0: Called Strike 0-1: Ball 1-1: SINGLE (Groundball, 6MD, EV 100.0 MPH)
|
|
Batting: RHB Lee Deason
|
0-0: Called Strike 0-1: Ball 1-1: Called Strike 1-2: Ball 2-2: Foul Ball, location: 2F 2-2: Strikes out looking
|
|
Batting: LHB Eric Jackson
|
0-0: Swinging Strike 0-1: 2-RUN HOME RUN (Flyball, 7D, EV 98.1 MPH), Distance : 367 ft
|
|
Batting: LHB Tim Mulholland
|
0-0: Ball 1-0: Ball 2-0: Foul Ball, location: 2F 2-1: Ball 3-1: Called Strike 3-2: Base on Balls
|
|
Batting: RHB Danny Merrill
|
0-0: Called Strike Tim Mulholland steals 2nd base 0-1: Ball 1-1: Foul Ball, location: 2F 1-2: Foul Ball, location: 2F 1-2: SINGLE (Groundball, 6MS, EV 69.4 MPH) (infield hit) Tim Mulholland to third
|
|
Pitching: RHP Troy Ingram
|
|
|
Batting: LHB Mike Sloan
|
0-0: Ball Danny Merrill steals 2nd base 1-0: Called Strike 1-1: SINGLE (Groundball, 4D, EV 96.9 MPH) Tim Mulholland scores Danny Merrill to third Runner from 3rd tries for Home, SAFE, throw by CF to home
|
|
Batting: SHB Jared Boyce
|
0-0: Called Strike 0-1: Called Strike 0-2: Strikes out swinging
|
|
Batting: RHB Antonio Gamez
|
0-0: Called Strike 0-1: Ball 1-1: Ball 2-1: SINGLE (Line Drive, 8LS, EV 89.4 MPH) Mike Sloan to second
|
|
Batting: SHB Eric Tiehen
|
0-0: Ball 1-0: Foul Ball, location: 2F 1-1: Ball 2-1: Foul Ball, location: 2F 2-2: Ball 3-2: Foul Ball, location: 2F 3-2: Strikes out swinging
|
| Bottom of the 6th over - 4 runs, 5 hits, 0 errors, 2 left on base; Burlington 0 - Delmarva 5 |
| TOP OF THE 7TH |
|
Burlington Bees batting - Pitching for Delmarva Shorebirds : RHP Wayne Lammers
|
|
Pitching: RHP Shane Kruger
|
|
|
Batting: LHB Mario Anguiano
|
0-0: Ball 1-0: Fly out, F9 (Line Drive, 89M, EV 85.0 MPH)
|
|
Batting: LHB Mark Reeg
|
0-0: Foul Ball, location: 2F 0-1: SINGLE (Groundball, 4D, EV 101.9 MPH)
|
|
Batting: LHB Spencer Palmer
|
0-0: Called Strike 0-1: Ball Mark Reeg steals 2nd base 1-1: Foul Ball, location: 2F 1-2: Foul Ball, location: 2F 1-2: Strikes out looking
|
|
Batting: RHB Tristan Lewis
|
0-0: Ball 1-0: Foul Ball, location: 2F 1-1: Ball 2-1: Foul Ball, location: 2F 2-2: Fly out, F8 (Flyball, 8RD, EV 90.0 MPH)
|
| Top of the 7th over - 0 runs, 1 hit, 0 errors, 1 left on base; Burlington 0 - Delmarva 5 |
| BOTTOM OF THE 7TH |
|
Delmarva Shorebirds batting - Pitching for Burlington Bees : RHP Troy Ingram
|
|
Batting: LHB Bill Ostlund
|
0-0: Swinging Strike 0-1: Swinging Strike 0-2: Strikes out swinging
|
|
Pitching: LHP Ryouhei Hosaka
|
|
|
Batting: RHB Lee Deason
|
0-0: Swinging Strike 0-1: Swinging Strike 0-2: Foul Ball, location: 2F 0-2: Strikes out swinging
|
|
Batting: LHB Eric Jackson
|
0-0: Ball 1-0: SINGLE (Line Drive, 8LS, EV 98.8 MPH)
|
|
Batting: LHB Tim Mulholland
|
0-0: Ball 1-0: Ball 2-0: Called Strike 2-1: Hit by Pitch Eric Jackson to second
|
|
Pitching: RHP Simon Vogel
|
|
|
Batting: RHB Danny Merrill
|
0-0: Fly out, F9 (Flyball, 89S, EV 65.6 MPH)
|
| Bottom of the 7th over - 0 runs, 1 hit, 0 errors, 2 left on base; Burlington 0 - Delmarva 5 |
| TOP OF THE 8TH |
|
Burlington Bees batting - Pitching for Delmarva Shorebirds : RHP Shane Kruger
|
|
Batting: RHB Ryan Munro
|
0-0: SINGLE (Groundball, 6D, EV 104.4 MPH)
|
|
Batting: RHB Timoleon Tsikouna
|
0-0: Ball 1-0: Fly out, F8 (Flyball, 8LD, EV 77.5 MPH)
|
|
Pitching: LHP Randy Yarrigle
|
|
|
Batting: LHB Brett Bugge
|
0-0: Foul Ball, location: 2F 0-1: Ball 1-1: Foul Ball, location: 2F 1-2: Ball 2-2: Fielders Choice at 2nd, 6-4 (Groundball, 6M, EV 87.5 MPH)
|
|
Batting: LHB Griffin Ferris
|
0-0: Called Strike 0-1: Foul Ball, location: 2F 0-2: Foul Ball, location: 2F 0-2: Ball 1-2: Ball 2-2: Ball 3-2: SINGLE (Groundball, 4MD, EV 106.2 MPH) Brett Bugge to second Brett Bugge to third
|
|
Batting: RHB Ryuji Ito
|
0-0: Called Strike 0-1: Foul Ball, location: 2F 0-2: Ball 1-2: Ball 2-2: Ball 3-2: SINGLE (Line Drive, 34D, EV 100.0 MPH) Brett Bugge scores Griffin Ferris to second Griffin Ferris to third
|
|
Batting: LHB Mario Anguiano
|
0-0: Ball 1-0: SINGLE (Groundball, 3S, EV 99.4 MPH) Griffin Ferris scores Ryuji Ito to second Runner from 2nd tries for 3rd, SAFE, throw by RF made to third
|
|
Pitching: RHP Ferri Adam
|
|
|
Now at 1B: Danny Merrill
|
|
|
Now at 2B: Tom Edwards
|
|
|
Now at 3B: Lee Deason
|
|
|
Now at SS: Francisco Viera
|
|
|
Now in LF: Antonio Gamez
|
|
|
Batting: LHB Mark Reeg
|
0-0: Called Strike 0-1: Called Strike 0-2: Fly out, F8 (Flyball, 8LD, EV 92.5 MPH)
|
| Top of the 8th over - 2 runs, 4 hits, 0 errors, 2 left on base; Burlington 2 - Delmarva 5 |
| BOTTOM OF THE 8TH |
|
Delmarva Shorebirds batting - Pitching for Burlington Bees : RHP Simon Vogel
|
|
Batting: LHB Mike Sloan
|
0-0: Ball 1-0: SINGLE (Groundball, 34D, EV 95.0 MPH)
|
|
Batting: SHB Jared Boyce
|
0-0: Ball 1-0: Ball 2-0: Foul Ball, location: 2F 2-1: Ball 3-1: Fly out, F7 (Flyball, 7D, EV 103.1 MPH)
|
|
Batting: RHB Antonio Gamez
|
0-0: TRIPLE (Line Drive, 78D, EV 94.4 MPH) Mike Sloan scores
|
|
Batting: RHB Francisco Viera
|
0-0: Ball 1-0: Ball 2-0: Ground out 6-3 (Groundball, P, EV 85.6 MPH) Antonio Gamez scores
|
|
Batting: LHB Bill Ostlund
|
0-0: Called Strike 0-1: Ball 1-1: Swinging Strike 1-2: Foul Ball, location: 2F 1-2: Hit by Pitch
|
|
Batting: RHB Lee Deason
|
0-0: Ball 1-0: Foul Ball, location: 2F 1-1: Called Strike Bill Ostlund steals 2nd base 1-2: Strikes out swinging
|
| Bottom of the 8th over - 2 runs, 2 hits, 0 errors, 1 left on base; Burlington 2 - Delmarva 7 |
| TOP OF THE 9TH |
|
Burlington Bees batting - Pitching for Delmarva Shorebirds : RHP Ferri Adam
|
|
Batting: LHB Spencer Palmer
|
0-0: SINGLE (Line Drive, 9S, EV 104.4 MPH)
|
|
Batting: RHB Tristan Lewis
|
0-0: Ball 1-0: Called Strike 1-1: Ball 2-1: Foul Ball, location: 2F 2-2: Strikes out looking
|
|
Batting: RHB Ryan Munro
|
0-0: Called Strike 0-1: Swinging Strike Spencer Palmer steals 2nd base 0-2: Ball 1-2: Ball 2-2: Fly out, F8 (Flyball, 8RXD, EV 86.2 MPH) Runner from 2nd tags up, SAFE at 3rd, no throw by CF
|
|
Batting: RHB Timoleon Tsikouna
|
0-0: Ball 1-0: Ball 2-0: SINGLE (Line Drive, 8RS, EV 91.2 MPH) Spencer Palmer scores
|
|
Batting: LHB Brett Bugge
|
0-0: Ball 1-0: Foul Ball, location: 2F 1-1: Ball 2-1: Foul Ball, location: 2F 2-2: Foul Ball, location: 2F 2-2: Strikes out looking
|
| Top of the 9th over - 1 run, 2 hits, 0 errors, 1 left on base; Burlington 3 - Delmarva 7 |
|